 Dungeon Crawl Stone Soup version 0.30-a0-726-gd89dcf765f (webtiles) character file.

Game seed: 3695699727466591606

3392 browni3141 the Geomancer (level 10, -2/72 HPs)
             Began as a Human Earth Elementalist on Jan 30, 2023.
             Slain by a gnoll
             ... wielding a +0 flail
             ... led by a gnoll bouda
              (5 damage)
             ... on level 7 of the Dungeon.
             The game lasted 00:13:04 (7053 turns).

browni3141 the Geomancer (Human Earth Elementalist) Turns: 7053, Time: 00:13:04

Health: -2/72      AC:  4    Str:  8    XL:     10   Next: 24%
Magic:  12/17      EV: 13    Int: 20    God:
Gold:   333        SH:  0    Dex: 14    Spells: 3/19 levels left

rFire   . . .      SeeInvis .    j - staff of earth
rCold   . . .      Faith    .    (no shield)
rNeg    . . .      Spirit   .    a - +0 robe
rPois   .          Reflect  .    k - +0 hat
rElec   .          Harm     .    n - +0 cloak
rCorr   .          Rampage  .    g - +0 pair of gloves
Will    .....                    (no boots)
Stlth   ++                       (no amulet)
HPRegen 0.32/turn                r - ring of wizardry
MPRegen 0.15/turn                (no ring)

@: no status effects
A: no striking features
a: no special abilities


You were on level 7 of the Dungeon.
You visited 2 branches of the dungeon, and saw 8 of its levels.

You collected 333 gold pieces.

Inventory:

Hand Weapons
 d - a +0 dagger
Missiles
 E - 2 throwing nets
Armour
 a - a +0 robe (worn)
 g - a +0 pair of gloves (worn)
 i - a scarf of repulsion
 k - a +0 hat (worn)
 n - a +0 cloak (worn)
Magical Staves
 j - a staff of earth (weapon)
Jewellery
 r - a ring of wizardry (left hand)
 z - a ring of ice
Wands
 t - a wand of polymorph (11)
 y - a wand of paralysis (8)
 F - a wand of iceblast (5)
Scrolls
 c - a scroll of fog
 e - a scroll of magic mapping {unknown}
 f - a scroll of noise {unknown}
 h - a scroll of enchant weapon {unknown}
 m - 3 scrolls of teleportation
 o - 3 scrolls of identify {unknown}
 p - 2 scrolls of amnesia {unknown}
 q - a scroll of poison {unknown}
 C - 2 scrolls of immolation {unknown}
 G - a scroll of vulnerability {unknown}
Potions
 b - 2 potions of magic
 l - a potion of haste {unknown}
 s - 2 potions of heal wounds
 u - a potion of ambrosia {unknown}
 v - a potion of curing {unknown}
 w - a potion of flight {unknown}
 x - a potion of mutation {unknown}
 A - a potion of berserk rage {unknown}
 B - 3 potions of attraction {unknown}
 D - a potion of invisibility {unknown}


   Skills:
 * Level 4.2 Fighting
 * Level 4.2 Dodging
 - Level 2.0 Stealth
 - Level 5.0 Spellcasting
 - Level 3.0 Conjurations
 - Level 3.0 Hexes
 - Level 6.0 Necromancy
 - Level 3.0 Translocations
 - Level 3.0 Transmutations
 - Level 8.0 Earth Magic
 * Level 0.6 Evocations


You had 3 spell levels left.
You knew the following spells:

 Your Spells              Type           Power      Damage    Failure   Level
a - Sandblast             Erth           100%       2d20      1%          1
b - Passwall              Tmut/Erth      33%        N/A       1%          2
c - Stone Arrow           Conj/Erth      80%        3d12      1%          3
d - Blink                 Tloc           34%        N/A       1%          2
e - Petrify               Tmut/Erth      40%        N/A       4%          4
f - Anguish               Hex/Necr       11%        N/A       8%          4

Your spell library contained the following spells:

 Spells                   Type           Power      Damage    Failure   Level
 Lesser Beckoning         Tloc           34%        N/A       1%          2
 Momentum Strike          Conj/Tloc      34%        3d8       1%          2
 Ensorcelled Hibernation  Hex/Ice        22%        N/A       4%          2
 Spider Form              Tmut/Pois      11%        N/A       8%          3


Dungeon Overview and Level Annotations

Branches:
Dungeon (7/15)             Temple (1/1) D:6

Altars:
Ashenzari
Cheibriados
Elyvilon
Fedhas
Gozag
Hepliaklqana
Makhleb
Ru
Sif Muna
Trog
Uskayaw
Vehumet
Wu Jian
Xom
Yredelemnul
The Shining One

Shops:
D:5 [   D:6 =


Message History

You feel a surge of power!
The blast of sand hits the gnoll!!
You kill the gnoll!
The gnoll misses you. The gnoll closely misses you.
You feel a surge of power!
The blast of sand hits the gnoll!!
You kill the gnoll!
The gnoll hits you with a +0 whip.
The gnoll bouda gazes fiercely through you!
You feel your attacks grow feeble. The gnoll barely misses you.
The gnoll hits you with a +0 flail!
You feel a surge of power!
The blast of sand hits the gnoll bouda!
The gnoll bouda is moderately wounded.
The gnoll bouda hits you with a +0 club!
The gnoll hits you with a +0 whip! The gnoll closely misses you.
The gnoll bouda hits you but does no damage.
You feel a surge of power!
The blast of sand hits the gnoll bouda!
The gnoll bouda is almost dead.
Your attacks no longer feel as feeble.
The gnoll hits you with a +0 whip! The gnoll completely misses you.
The gnoll bouda barely misses you. The gnoll hits you with a +0 whip!
The gnoll barely misses you.
You are too injured to fight recklessly!
You are too injured to fight recklessly!
You are too injured to fight recklessly!
You are too injured to fight recklessly!
You hit the gnoll bouda.
The gnoll bouda is almost dead.
The gnoll bouda prays to its god.
The gnoll bouda is healed somewhat.
The gnoll hits you with a +0 whip. The gnoll hits you with a +0 flail.
* * * LOW HITPOINT WARNING * * *
The gnoll bouda attacks as you move away!
The gnoll bouda hits you with a +0 club!
* * * LOW HITPOINT WARNING * * *
The gnoll attacks as you move away! The gnoll hits you with a +0 flail.
* * * LOW HITPOINT WARNING * * *
The gnoll attacks as you move away! The gnoll misses you.
The gnoll bouda hits you with a +0 club.
* * * LOW HITPOINT WARNING * * *
The gnoll closely misses you. The gnoll hits you with a +0 flail.
You die...

............# #..#.≈.♣.♣♣
.....##....####.##.≈.♣
......#.##......##.≈.♣
...##...##...#####.≈.♣
~~≈#........## ###.≈.♣♣♣.♣
..P#......##..##...≈......
≈P^#.....###.....#.≈≈≈≈≈≈≈
#....###...............
...##..##....@..#...... ..
......ggg..#....#
...........###..#
......)..........
.......$.........
.....)..........
................
........##...... ......###
#....#


You could see a gnoll bouda and 2 gnolls.

Vanquished Creatures
  Pikel (D:6)
  A troll (D:6)
  A wyvern (D:6)
  A steam dragon (D:6)
  Menkaure (D:6)
  A water moccasin (D:5)
  A black bear (D:5)
  4 lemures (D:6)
  A centaur (D:6)
  A phantom (D:5)
  2 bullfrogs (D:7)
  4 scorpions
  5 gnoll sergeants (D:6)
  A howler monkey (D:5)
  9 hounds
  4 jellies
  6 orc priests
  3 iguanas
  2 gnoll boudas (D:6)
  3 orc wizards (D:6)
  9 adders
  25 gnolls
  A white imp (D:5)
  A worm (D:2)
  8 dart slugs
  15 orcs
  19 endoplasms
  2 giant cockroaches
  5 hobgoblins
  4 jackals
  4 quokkas
  8 ball pythons
  7 bats
  4 frilled lizards
  4 goblins
  13 kobolds
  4 rats
185 creatures vanquished.

Vanquished Creatures (others)
  A gnoll (D:6)
  2 fungi
  7 toadstools (D:4)
10 creatures vanquished.

Grand Total: 195 creatures vanquished

Notes
Turn   | Place    | Note
-------+----------+-------------------------------------------
     0 | D:1      | browni3141 the Human Earth Elementalist began the quest for
                  | the Orb.
     0 | D:1      | Reached XP level 1. HP: 13/13 MP: 3/3
   113 | D:1      | Reached skill level 1 in Fighting
   204 | D:1      | Reached XP level 2. HP: 21/21 MP: 3/5
   925 | D:1      | Reached XP level 3. HP: 27/27 MP: 4/6
  1045 | D:1      | Learned a level 2 spell: Passwall
  1049 | D:1      | Learned a level 3 spell: Stone Arrow
  1408 | D:2      | Reached XP level 4. HP: 33/33 MP: 4/7
  2501 | D:3      | Noticed a scorpion
  2511 | D:3      | Killed a scorpion
  2512 | D:3      | Reached XP level 5. HP: 37/38 MP: 2/9
  2515 | D:3      | Learned a level 2 spell: Blink
  2581 | D:3      | Found a sacrificial altar of Ru.
  2729 | D:3      | Reached skill level 4 in Earth Magic
  3210 | D:4      | Reached skill level 1 in Translocations
  3210 | D:4      | Reached XP level 6. HP: 31/44 MP: 6/10
  3853 | D:4      | Reached skill level 1 in Conjurations
  3871 | D:4      | Reached XP level 7. HP: 44/50 MP: 0/12
  4173 | D:5      | Entered Level 5 of the Dungeon
  4276 | D:5      | Reached skill level 5 in Earth Magic
  4301 | D:5      | Noticed a water moccasin
  4305 | D:5      | Killed a water moccasin
  4463 | D:5      | Reached skill level 6 in Earth Magic
  4463 | D:5      | Reached XP level 8. HP: 56/56 MP: 10/14
  4650 | D:5      | Found Agreawom's Antique Armour Emporium.
  4867 | D:6      | Found a staircase to the Ecumenical Temple.
  4892 | D:6      | Reached skill level 7 in Earth Magic
  5084 | D:6      | Noticed a troll
  5093 | D:6      | Found a hazy altar of Hepliaklqana.
  5234 | D:6      | Noticed Menkaure
  5247 | D:6      | Killed Menkaure
  5248 | D:6      | Reached skill level 8 in Earth Magic
  5248 | D:6      | Reached XP level 9. HP: 61/61 MP: 11/15
  5253 | D:6      | Learned a level 4 spell: Petrify
  5258 | D:6      | Learned a level 4 spell: Anguish
  5294 | D:6      | Reached skill level 1 in Hexes
  5294 | D:6      | Reached skill level 1 in Necromancy
  5376 | D:6      | Reached skill level 5 in Spellcasting
  5461 | D:6      | Killed a troll
  5481 | D:6      | Found the +18 Lear's hauberk
  5574 | Temple   | Entered the Ecumenical Temple
  5939 | D:6      | Reached skill level 5 in Necromancy
  6037 | D:6      | Found Xeodi's Jewellery Boutique.
  6584 | D:6      | Noticed Pikel
  6613 | D:6      | Killed Pikel
  6614 | D:6      | Reached XP level 10. HP: 53/71 MP: 7/17
  7053 | D:7      | HP: 3/72 [gnoll bouda/+0 club (3)]
  7053 | D:7      | Slain by a gnoll

Illustrated notes

Levels and vault maps discovered:
D:1:      nicolae_arrival_washed_ashore, layout_loops_corners
D:2:      layout_loops_cross
D:3:      layout_loops_cross, nicolae_ru_the_path_less_chosen
D:4:      cheibrodos_fertilizer, layout_basic
D:5:      layout_cave_pools, serial_shops, kennysheep_mini_moat
D:6:      cheibrodos_iron_armory, layout_cave_pools,
          mainiacjoe_overflow_six_doors_small, minmay_temple_entry_arrows,
          serial_gnoll_camp, gnoll_camp_mini_loothouse, gnoll_camp_medium_02,
          gnoll_camp_mini_hut, gnoll_camp_huts_basic, gnoll_camp_mini_shop,
          hellmonk_guarded_unrand_lears, uniq_menkaure, uniq_pikel
D:7:      kennysheep_steamy, layout_cave_pools,
          nicolae_qazlal_general_emergency, mainiacjoe_overflow_brackets,
          nicolae_kikubaaqudgha_miasma_corner
Temple:   nicolae_temple_ecumenical_triangle

Skill      XL: |  1  2  3  4  5  6  7  8  9 10 |
---------------+-------------------------------+-----
Fighting       | 1 2 3 4 |  4.2
Transmutations | 2 3 |  3.0
Earth Magic    | 4 6 8 |  8.0
Spellcasting   | 3 4 5 |  5.0
Translocations | 1 2 3 |  3.0
Conjurations   | 1 2 3 |  3.0
Hexes          | 3 |  3.0
Necromancy     | 6 |  6.0
Dodging        | 3 4 |  4.2
Stealth        | |  2.0
Evocations     | |  0.6

Action                     |  1- 3 |  4- 6 |  7- 9 | 10-12 || total
---------------------------+-------+-------+-------+-------++-------
  Melee: Unarmed           |     4 |       |       |       ||     4
         Dagger            |     8 |       |       |       ||     8
         Punch             |     1 |       |       |       ||     1
         Staff             |       |    15 |    12 |     1 ||    28
   Cast: Sandblast         |    44 |    95 |   158 |    13 ||   310
         Blink             |       |       |     1 |       ||     1
  Evoke: Wand              |       |       |     3 |       ||     3
    Use: Scroll            |     1 |     1 |     2 |       ||     4
 Armour: Robe              |     4 |    11 |    31 |     1 ||    47
  Dodge: Dodged            |    21 |    15 |    99 |    11 ||   146

Table legend: (Time is in decaauts)
 A = Elapsed time spent in this place.
 B = Non-inter-level travel time spent in this place.
 C = Inter-level travel time spent in this place.
 D = Time resting spent in this place.
 E = Time spent auto-exploring this place.
 F = Levels seen in this place.
 G = Mean time per level.
                   A        B        C        D        E       F      G
               +--------+--------+--------+--------+--------+-----+--------+
         Total |   7213 |   6887 |    326 |    413 |   5235 |   8 |  901.6 |
       Dungeon |   7052 |   6735 |    317 |    413 |   5096 |   7 | 1007.4 |
        Temple |    160 |    151 |      9 |      0 |    139 |   1 |  160.0 |
               +--------+--------+--------+--------+--------+-----+--------+

Top non-repeatable levels by time:
     D:6: 1616 daAuts
     D:1: 1281 daAuts
     D:4: 1054 daAuts
     D:2: 1015 daAuts
     D:5: 974 daAuts
     D:3: 934 daAuts
     D:7: 176 daAuts
  Temple: 160 daAuts
